 Dungeon Crawl Stone Soup version 0.30-a0-1161-g0704695555 (webtiles) character file.

Game seed: 16824115725031197971

39 NateTC the Digger (level 3, 0/28 HPs)
             Began as a Gargoyle Earth Elementalist on Apr 27, 2023.
             Slain by a quokka (4 damage)
             ... on level 2 of the Dungeon.
             The game lasted 00:05:18 (1139 turns).

NateTC the Digger (Gargoyle Earth Elementalist)     Turns: 1139, Time: 00:05:18

Health: 0/28       AC: 21    Str: 11    XL:     3   Next: 45%
Magic:  1/6        EV:  2    Int: 17    God:
Gold:   83         SH:  0    Dex: 10    Spells: 2/6 levels left

rFire   . . .        (no weapon)
rCold   . . .        (no shield)
rNeg    + . .        a - melded +0 robe
rPois   ∞            (helmet currently unavailable)
rElec   .            (cloak currently unavailable)
rCorr   .            (gloves currently unavailable)
SInv    .            (boots currently unavailable)
Will    .....        (no amulet)
Stlth   ++           (no ring)
HPRegen 0.24/turn    (no ring)
MPRegen 0.10/turn

%: no passive effects
@: tree-form
A: stationary, stasis, torment immunity, boosted hp, sickness immunity, AC +3,
negative energy resistance 1, (electricity resistance), torment resistance 1,
petrification resistance
a: no special abilities


You were on level 2 of the Dungeon.
You were a tree.
You visited 1 branch of the dungeon, and saw 2 of its levels.

You collected 83 gold pieces.

Inventory:

Armour
 a - a +0 robe (melded)
Scrolls
 h - a scroll of identify
Potions
 c - a potion of invisibility {unknown}
 d - 2 potions of flight
 f - a potion of brilliance {unknown}


   Skills:
 - Level 1.5 Dodging
 - Level 2.1 Stealth
 + Level 2.3 Spellcasting
 * Level 2.0 Conjurations
 - Level 0.7 Transmutations
 * Level 4.4 Earth Magic


You had 2 spell levels left.
You knew the following spells:

 Your Spells              Type           Power      Damage    Failure   Level
a - Sandblast             Erth           32%        2d9       3%          1
b - Stone Arrow           Conj/Erth      24%        3d8       16%         3

Your spell library contained the following spells:

 Spells                   Type           Power      Damage    Failure   Level
 Passwall                 Tmut/Erth      8%         N/A       10%         2
 Ignite Poison            Fire/Tmut/Pois 2%         N/A       45%         3
 Petrify                  Tmut/Erth      10%        N/A       54%         4
 Sticky Flame             Conj/Fire      5%         2d3       77%         4
 Ignition                 Fire           0%         3d3       100%        8


Dungeon Overview and Level Annotations

Branches:
Dungeon (2/15) Zot: 10840

Altars:
Yredelemnul


Innate Abilities, Weirdness & Mutations

You are a tree.
Your roots penetrate the ground, keeping you stationary.
You cannot be teleported.
You are immune to unholy pain and torment.
Your maximum health is greatly increased.
Your equipment is partially melded.
You are immune to sickness and miasma.
((Your stone body is resilient. (AC +3)))
You are immune to poison.
You resist negative energy. (rN+)
((You are resistant to electric shocks. (rElec)))
You are resistant to unholy torment.
You are immune to petrification.


Message History

The ball python bites you but does no damage.
The ball python constricts you. The goblin hits you but does no damage.
The hobgoblin hits you but does no damage.
Casting: Sandblast (safe; 3% risk of failure)
Confirm with . or Enter, or press ? or * to list all spells.
Aiming: Sandblast (safe; 3% risk of failure)
Press: ? - help, Shift-Dir - straight line, f - hobgoblin
Aim: a hobgoblin (82% to hit)
The blast of sand misses the hobgoblin.
The quokka bites you but does no damage.
The ball python bites you but does no damage.
The ball python constricts you. The goblin hits you but does no damage.
The hobgoblin hits you but does no damage.
The quokka bites you but does no damage.
The ball python bites you but does no damage.
The ball python constricts you.
Casting: Sandblast (safe; 3% risk of failure)
Confirm with . or Enter, or press ? or * to list all spells.
Aiming: Sandblast (safe; 3% risk of failure)
Press: ? - help, Shift-Dir - straight line, f/p - hobgoblin
Aim: a hobgoblin (82% to hit)
The blast of sand hits the hobgoblin!
You kill the hobgoblin!
The quokka bites you but does no damage.
The goblin hits you but does no damage.
The ball python bites you but does no damage.
The ball python constricts you.
The quokka bites you but does no damage.
The goblin hits you but does no damage.
Your magical contamination has completely faded away.
Your Conjurations skill increases to level 2!
Casting: Sandblast (safe; 3% risk of failure)
Confirm with . or Enter, or press ? or * to list all spells.
Aiming: Sandblast (safe; 3% risk of failure)
Press: ? - help, Shift-Dir - straight line, f - ball python
Aim: a ball python (constricting you, 80% to hit)
The blast of sand hits the ball python!
You kill the ball python!
The quokka bites you.
You die...

,,,,,,,,*,,*,*,.................#
**,,,,,,,..#*,*#..######.#.##...#
*,,,,,,,....*,*,,,,,,,#.#..#.#.#
*,,,,,,,....##,**,,**,#.#..#.#..
*,,,,,,,......*,#,,,..#.#....#..
*,,,,,,,.,....##.####.#.##.#.#.#
*,,,,,,,...,....#lg)#.#.######.#
*,,,,,,,.....#.r#h.(#.#.)......#
*,,,,,,,.......♣#..)#.##########
*,,,,,,,.?....##g####...........
*,,,,,,,..(..,#.#.....#.########
*,,,,,,,....*#.##.......#
*,,,,,,,...,#r#.....#####
*,,,,,,,..*#.##..####
********#,#[#...#* *,###..#*
*,,...#*


You could see a quokka and a goblin.

Vanquished Creatures
  A worm (D:2)
  2 dart slugs (D:1)
  A bat (D:1)
  2 endoplasms (D:2)
  3 giant cockroaches
  5 goblins
  2 hobgoblins (D:2)
  A jackal (D:2)
  4 kobolds
  3 ball pythons
  2 frilled lizards
  3 rats
29 creatures vanquished.

Notes
Turn   | Place    | Note
-------+----------+-------------------------------------------
     0 | D:1      | NateTC the Gargoyle Earth Elementalist began the quest for
                  | the Orb.
     0 | D:1      | Reached XP level 1. HP: 10/10 MP: 3/3
   193 | D:1      | Reached skill level 1 in Conjurations
   193 | D:1      | Reached XP level 2. HP: 15/15 MP: 3/5
   235 | D:1      | Reached skill level 4 in Earth Magic
   662 | D:2      | Reached XP level 3. HP: 19/19 MP: 4/6
   666 | D:2      | Learned a level 3 spell: Stone Arrow
  1050 | D:2      | Found a basalt altar of Yredelemnul.
  1139 | D:2      | Slain by a quokka

Illustrated notes

Levels and vault maps discovered:
D:1:      amcnicky_arrival_feature_with_door, layout_rooms
D:2:      layout_basic, basic_altar, minmay_stone_trees_large, minmay_vboxes

Skill      XL: |  1  2  3 |
---------------+----------+-----
Conjurations   | 1 2 |  2.0
Earth Magic    | 4 |  4.4
Dodging        | |  1.5
Stealth        | |  2.1
Spellcasting   | |  2.3
Transmutations | |  0.7

Action                     || total
---------------------------++-------
   Cast: Sandblast         ||    39
    Use: Scroll            ||     6
         Potion            ||     2
 Armour: Skin              ||    49
         Robe              ||    12
  Dodge: Dodged            ||    15

Table legend: (Time is in decaauts)
 A = Elapsed time spent in this place.
 B = Non-inter-level travel time spent in this place.
 C = Inter-level travel time spent in this place.
 D = Time resting spent in this place.
 E = Time spent auto-exploring this place.
 F = Levels seen in this place.
 G = Mean time per level.
                   A        B        C        D        E       F      G
               +--------+--------+--------+--------+--------+-----+--------+
         Total |   1157 |   1157 |      0 |    249 |    250 |   2 |  578.5 |
       Dungeon |   1157 |   1157 |      0 |    249 |    250 |   2 |  578.5 |
               +--------+--------+--------+--------+--------+-----+--------+

Top non-repeatable levels by time:
     D:1: 631 daAuts
     D:2: 526 daAuts
